AoeStats
← I Drowned in my mind

Black Forest

508067031Analyzed
4v4 RM · 12d ago on Sep 20, 2026· 4m 41s· 8 players
Game mode
Random Map
Map size
Large (8 player)
Population
200
Speed
Normal
Resources
Standard
Victory
Conquest
Starting age
Dark Age
Ending age
Imperial Age
RankedLock teamsTeams togetherTeam positionsShared explorationLock speedFull tech treeHidden civsTurbo modeCheats
Victory
Defeat
🇰🇿 Mongols · Kazakhstan
945
+13
🇩🇪 Franks · Germany
938
+14
🇨🇿 Italians · Czechia
909
+15
🇹🇷 Vietnamese · Türkiye
902
+15
925
-15
🇮🇳 Celts · India
882
-14
🇹🇷 Koreans · Türkiye
876
-14
🇹🇷 Persians · Türkiye
868
-14
Calli
1:02 Loom
nemesisbasileus
1:03 Loom
Chillpia
0:26 Loom
SULT
1:05 Loom
2:05 Loom
Karabasan
0:27 Loom
I Drowned in my mind
Delii
0:26 Loom
0:30 Loom
dushyanthkuthati
0:41 Loom
Connection lost

Rejoining the realm…

Still unreachable

The connection could not be restored.

Session expired

The server has moved on; the page needs a fresh start.